 Dungeon Crawl Stone Soup version 0.31.0-32-g396128a36d (webtiles) character file.

Game seed: 10167989426266791961

4 McKennaii the Conjurer (level 1, -2/14 HPs)
             Began as a Demigod Conjurer on Mar 24, 2024.
             Slain by a quokka (5 damage)
             ... on level 1 of the Dungeon.
             The game lasted 00:00:15 (175 turns).

McKennaii the Conjurer (Demigod Conjurer)            Turns: 175, Time: 00:00:16

Health: -2/14      AC:  2    Str:  8    XL:     1   Next: 40%
Magic:  0/5        EV: 12    Int: 20    God:
Gold:   19         SH:  0    Dex: 12    Spells: 2/3 levels left

rFire   . . .        (no weapon)
rCold   . . .        (no shield)
rNeg    . . .        a - +0 robe
rPois   .            (no helmet)
rElec   .            (no cloak)
rCorr   .            (no gloves)
SInv    .            (no boots)
Will    .....        (no amulet)
Stlth   ++           (no ring)
HPRegen 0.22/turn    (no ring)
MPRegen 0.09/turn

%: no passive effects
@: no status effects
A: high MP 1, forlorn, divine attributes
a: no special abilities


You were on level 1 of the Dungeon.
You visited 1 branch of the dungeon, and saw 1 of its levels.

You collected 19 gold pieces.

Inventory:

Armour
 a - a +0 robe (worn)
Scrolls
 c - a scroll of brand weapon {unknown}
 d - a scroll of identify {unknown}
Potions
 b - a potion of magic


   Skills:
 - Level 1.7 Dodging
 - Level 1.7 Stealth
 + Level 1.9 Spellcasting
 + Level 3.7 Conjurations


You had 2 spell levels left.
You knew the following spells:

 Your Spells              Type           Power      Damage    Failure   Level
a - Magic Dart            Conj           64%        1d6       3%          1

Your spell library contained the following spells:

 Spells                   Type           Power      Damage    Failure   Level
 Searing Ray              Conj           32%        2d5       5%          2
 Fulminant Prism          Conj/Alch      4%         3d5       58%         4
 Iskenderun's Mystic Bla  Conj/Tloc      9%         2d4       58%         4


Dungeon Overview and Level Annotations

Branches:
Dungeon (1/15)


Innate Abilities, Weirdness & Mutations

You have an increased reservoir of magic. (+10% MP)
You shall have no god before yourself.
Your divine heritage dramatically boosts your attributes as you level up.


Message History

You barely miss the quokka. The quokka bites you.
You hit the quokka but do no damage.
The quokka bites you but does no damage.
The quokka bites you.
You are out of magic!
You miss the quokka.
The quokka bites you but does no damage.
A quokka is nearby!
You hit the quokka but do no damage. The quokka bites you.
You are out of magic!
A quokka is nearby!
You barely miss the quokka. The quokka closely misses you.
The magic dart hits the quokka but does no damage.
The quokka bites you.
A quokka is nearby!
You closely miss the quokka. The quokka closely misses you.
The quokka misses you.
You are out of magic!
The quokka attacks as it pursues you! The quokka misses you.
You are out of magic!
The quokka barely misses you.
You are out of magic!
You are out of magic!
You are out of magic!
The quokka barely misses you.
The magic dart hits the quokka.
The quokka is lightly wounded.
The quokka bites you.
You are too injured to fight recklessly!
The quokka bites you.
* * * LOW HITPOINT WARNING * * *
The quokka attacks as it pursues you! The quokka completely misses you.
The quokka twitches its whiskers.
Casting: Magic Dart (safe; 3% risk of failure)
Confirm with . or Enter, or press ? or * to list all spells.
You don't have enough magic to cast this spell.
Unknown command.
The quokka misses you. The quokka attacks as it pursues you!
The quokka bites you.
You die...

##################
#.................
#.###########.####
#.##########..##
##.r............##
#.@############..#
#..# ##.## #..#
#... #..# ####
#..### #....#####
#........#
#........# .
#.....)..# ..


You could see a quokka.

Vanquished Creatures
  An endoplasm (D:1)
  A giant cockroach (D:1)
  A kobold (D:1)
  A rat (D:1)
4 creatures vanquished.

Notes
Turn   | Place    | Note
-------+----------+-------------------------------------------
     0 | D:1      | McKennaii the Demigod Conjurer began the quest for the Orb.
     0 | D:1      | Reached XP level 1. HP: 14/14 MP: 5/5
   175 | D:1      | Slain by a quokka

Illustrated notes

Levels and vault maps discovered:
D:1:      dpeg_arrival_tiny_i, layout_rooms, chequers_serial_rivers_marsh,
          item_on_display_a

Action                     || total
---------------------------++-------
  Melee: Unarmed           ||     7
   Cast: Magic Dart        ||    14
 Armour: Robe              ||    11
  Dodge: Dodged            ||    10
